 Dungeon Sprint DCSS version 0.22-a0-284-g99d1f7439c (webtiles) character file.

53308 Pristine the Shatterer (level 14, -22/151 HPs)
             Began as a Deep Dwarf Fighter on Mar 22, 2018.
             Was the Champion of Makhleb.
             Killed from afar by a tengu reaver (31 damage)
             ... with a bolt of lightning
             ... in the Dungeon (Sprint IX: "|||||||||||||||||||||||||||||").
             The game lasted 00:09:31 (2651 turns).

Pristine the Shatterer (Deep Dwarf Fighter)         Turns: 2651, Time: 00:09:31

Health: -22/151    AC: 36    Str: 24    XL:     14   Next: 30%
Magic:  21/21      EV: 15    Int: 10    God:    Makhleb [******]
Gold:   121        SH: 15    Dex: 12    Spells: 13/13 levels left

rFire    . . .     SeeInvis .   r - +2 morningstar (protect)
rCold    . . .     Gourm    .   c - +0 shield
rNeg     + . .     Faith    .   D - +3 chain mail
rPois    +         Spirit   .   F - +1 helmet
rElec    .         Reflect  .   (no cloak)
rCorr    .         Harm     .   A - +0 pair of gloves
MR       ++...     NoTele   +   t - +1 pair of boots
Stlth    ..........             C - amulet of rage
HPRegen  0.00/turn              b - +6 ring of protection
MPRegen  0.17/turn              s - ring of poison resistance

@: protection aura, non-regenerating, studying Poison Magic
A: damage resistance, heal wounds, negative energy resistance 1, sense
surroundings 2, no regeneration
a: Heal Wounds, Minor Destruction, Lesser Servant of Makhleb, Major Destruction,
Greater Servant of Makhleb, Renounce Religion, Evoke Berserk Rage


You were in the Dungeon.
You worshipped Makhleb.
Makhleb was exalted by your worship.
You were hungry.

You visited 1 branch You collected 1939 gold pieces.
You spent 1818 gold pieces at shops.

Inventory:

Hand Weapons
 r - a +2 morningstar of protection (weapon)
Armour
 c - a +0 shield (worn)
 t - a +1 pair of boots (worn)
 A - a +0 pair of gloves (worn)
 D - a +3 chain mail (worn)
 F - a +1 helmet (worn)
Jewellery
 b - a +6 ring of protection (left hand)
 s - a ring of poison resistance (right hand)
 B - a +6 ring of protection
 C - an amulet of rage (around neck)
Wands
 n - a wand of iceblast (10)
Scrolls
 k - 4 scrolls of blinking
 l - 4 scrolls of remove curse
 m - 2 scrolls of amnesia
 p - 2 scrolls of enchant weapon
 x - a scroll of magic mapping
 y - 3 scrolls of identify
 z - 3 scrolls of fear
Potions
 e - 9 potions of curing
 g - 7 potions of heal wounds
 h - 2 potions of haste
 i - 4 potions of magic
 j - a potion of invisibility
 o - a potion of berserk rage
 q - a potion of degeneration {unknown}
 u - a potion of brilliance
 v - 2 potions of agility
Books
 w - a manual of Poison Magic
Miscellaneous
 d - a lamp of fire
Comestibles
 a - 6 chunks of flesh
 f - 11 rations


   Skills:
 + Level 16.9 Fighting
 + Level 21.6 Maces & Flails
 + Level 15.8 Armour
 + Level 12.6 Dodging
 + Level 18.5 Shields
 - Level 13.8 Evocations


You had 13 spell levels left.
You didn't know any spells.

Dungeon Overview and Level Annotations

Branches:
Dungeon (1/1)

Altars:
Cheibriados
Dithmenos
Elyvilon
Fedhas
Gozag
Hepliaklqana
Kikubaaqudgha
Makhleb
Nemelex Xobeh
Okawaru
Qazlal
Ru
Sif Muna
Trog
Uskayaw
Vehumet
Wu Jian
Xom
Yredelemnul
Zin
The Shining One
Beogh
Jiyva
Lugonu

Shops:
D :=*:


Innate Abilities, Weirdness & Mutations

You are resistant to damage.
You can heal yourself by infusing magical energy.
You resist negative energy. (rN+)
You passively map the area around you.
You do not regenerate.


Message History

Makhleb accepts your kill.
Your life force feels restored.
The rakshasa weaves an illusion.
A tengu reaver comes into view. It is wielding a bardiche of venom.
The tengu reaver hits you with a dire flail!
The tengu reaver pecks you but does no damage.
The tengu reaver claws you.
* * * LOW HITPOINT WARNING * * *
You closely miss the tengu reaver. The tengu reaver casts a spell at you.
The bolt of lightning hits you!
* * * LOW HITPOINT WARNING * * *
The rakshasa weaves an illusion. x2; The tengu reaver casts a spell.
Nothing appears to happen.
Unknown command.
You bludgeon the tengu reaver!!
The tengu reaver is moderately wounded.
The tengu reaver casts a spell at you. The bolt of lightning hits you!
You die...

, ,,, , ,, , + , , , * ** * * * *
* * * , , ,, , * * ** ** ** * * *
,, , , , , , , * * * *** ** * * *
,, ,, , , , , , *
▓▓▓▓▓▓▓▓▓▓▓▓▓▓▓▓▓▓▓▓▓▓▓▓ , ,
QCRHR*Q@)...(..(.)).....
▓▓▓▓▓▓▓▓▓▓▓▓▓▓▓▓▓▓▓▓▓▓▓▓▓▓▓▓▓▓▓▓▓
.)......)........................
▓▓▓▓▓▓▓▓▓▓▓▓▓▓▓▓▓▓▓♣♣♣♣♣♣♣♣♣♣▓▓▓▓
...()())((.(......†........†'....
▓▓▓▓▓▓▓▓▓▓▓▓▓▓▓▓▓▓▓♣♣♣♣♣♣♣♣♣♣▓▓▓▓
..............)....§....(.(((()((
▓▓▓▓▓▓▓▓▓▓▓▓▓▓▓▓▓▓▓▓▓▓▓▓▓▓▓▓▓▓▓▓▓
.'........!..[.[[[=[.))))))))....


You could see a stone giant, 2 tengu reavers, 2 rakshasas, a hippogriff and a
battlesphere.

Vanquished Creatures
  Frances (D)
  A sphinx (D)
  A shadow dragon (D)
  A nagaraja (D)
  A frost giant (D)
  2 fire giants (D)
  Aizul (D)
  A very ugly thing (D)
  Nessos (D)
  2 stone giants (D)
  Azrael (D)
  A spark wasp (D)
  Snorg (D)
  A fire dragon (D)
  Josephine (D)
  Erolcha (D)
  3 rakshasas (D)
  A great orb of eyes (D)
  Erica (D)
  3 centaur warriors (D)
  2 hydras (D)
  A naga warrior (D)
  An anaconda (D)
  A merfolk avatar (D)
  2 satyrs (D)
  3 two-headed ogres (D)
  7 orc high priests (D)
  Urug (D)
  A naga sharpshooter (D)
  Nergalle (D)
  An unseen horror (D)
  A swamp dragon (D)
  3 orc knights (D)
  2 wolf spiders (D)
  An orc sorcerer (D)
  A manticore (D)
  An elephant (D)
  2 black mambas (D)
  Maurice (D)
  A moth of wrath (D)
  2 merfolk sirens (D)
  3 naga magi (D)
  2 torpor snails (D)
  4 spiny frogs (D)
  A yaktaur (D)
  A rime drake (D)
  A tyrant leech (D)
  2 merfolk (D)
  A hornet (D)
  A slime creature (D)
  A wind drake (D)
  A blink frog (D)
  A hippogriff (D)
  A redback (D)
  2 tarantellas (D)
  A shadow (D)
  3 wraiths (D)
  A wyvern (D)
  A yak (D)
  3 fire elementals (D)
  2 basilisks (D)
  2 vampire mosquitoes (D)
  A hungry ghost (D)
  4 wargs (D)
  An insubstantial wisp (D)
  2 water moccasins (D)
  A porcupine (D)
  3 hell hounds (D)
  A swamp drake (D)
  4 orc warriors (D)
  A sky beast (D)
  An ice beast (D)
  A black bear (D)
  5 wolves (D)
  2 crocodiles (D)
  2 bullfrogs (D)
  A wight (D)
  A jelly (D)
  9 orc priests (D)
  An iguana (D)
  8 orc wizards (D)
  A worker ant (D)
  3 adders (D)
  An adder zombie (D)
  9 orcs (D)
  A goblin (D)
  A hobgoblin (D)
  A bat (D)
  2 frilled lizards (D)
  A giant cockroach zombie (D)
166 creatures vanquished.

Vanquished Creatures (others)
  An ogre mage (D)
1 creature vanquished.

Grand Total: 167 creatures vanquished

Notes
Turn   | Place    | Note
-------+----------+-------------------------------------------
     0 | D        | Pristine the Deep Dwarf Fighter began the quest for the Orb.
     0 | D        | Reached XP level 1. HP: 20/20 MP: 1/1
    15 | D        | Reached skill level 3 in Maces & Flails
    24 | D        | Noticed an orc priest
    24 | D        | Noticed an iguana
    30 | D        | Killed an iguana
    30 | D        | Reached skill level 6 in Maces & Flails
    30 | D        | Reached XP level 2. HP: 27/27 MP: 2/2
    30 | D        | Reached XP level 3. HP: 33/33 MP: 3/3
    32 | D        | Reached skill level 7 in Maces & Flails
    36 | D        | Reached skill level 8 in Maces & Flails
    36 | D        | Reached XP level 4. HP: 40/40 MP: 4/4
    71 | D        | Found a roughly hewn altar of Beogh.
    71 | D        | Found a snail-covered altar of Cheibriados.
    71 | D        | Found a shadowy altar of Dithmenos.
    71 | D        | Found a white marble altar of Elyvilon.
    71 | D        | Found a blossoming altar of Fedhas.
    71 | D        | Found an opulent altar of Gozag.
    72 | D        | Found a hazy altar of Hepliaklqana.
    73 | D        | Found a viscous altar of Jiyva.
    74 | D        | Found an ancient bone altar of Kikubaaqudgha.
    75 | D        | Found a corrupted altar of Lugonu.
    76 | D        | Found a burning altar of Makhleb.
    77 | D        | Found a sparkling altar of Nemelex Xobeh.
    78 | D        | Found an iron altar of Okawaru.
    79 | D        | Found a stormy altar of Qazlal.
    80 | D        | Found a sacrificial altar of Ru.
    81 | D        | Found a deep blue altar of Sif Muna.
    82 | D        | Found a bloodstained altar of Trog.
    83 | D        | Found a hide-covered altar of Uskayaw.
    84 | D        | Became a worshipper of Makhleb the Destroyer
    85 | D        | Found a radiant altar of Vehumet.
    86 | D        | Found an ornate altar of the Wu Jian Council.
    87 | D        | Found a shimmering altar of Xom.
    88 | D        | Found a basalt altar of Yredelemnul.
    89 | D        | Found a glowing silver altar of Zin.
    90 | D        | Found a glowing golden altar of the Shining One.
   148 | D        | Noticed a black bear
   154 | D        | Reached skill level 1 in Evocations
   162 | D        | Reached * piety under Makhleb
   162 | D        | Reached skill level 1 in Dodging
   162 | D        | Reached XP level 5. HP: 42/50 MP: 4/7
   168 | D        | Reached skill level 5 in Shields
   171 | D        | Killed a black bear
   171 | D        | Reached ** piety under Makhleb
   171 | D        | Reached skill level 9 in Maces & Flails
   171 | D        | Reached skill level 5 in Armour
   171 | D        | Reached skill level 5 in Evocations
   171 | D        | Reached XP level 6. HP: 54/60 MP: 5/10
   212 | D        | Noticed a hungry ghost
   212 | D        | Noticed an ice beast
   212 | D        | Noticed a wyvern
   212 | D        | Noticed a two-headed ogre
   212 | D        | Noticed a two-headed ogre
   229 | D        | Killed a two-headed ogre
   229 | D        | Reached skill level 10 in Maces & Flails
   229 | D        | Reached XP level 7. HP: 65/70 MP: 9/12
   236 | D        | Killed a two-headed ogre
   236 | D        | Reached skill level 12 in Maces & Flails
   236 | D        | Reached XP level 8. HP: 72/80 MP: 9/13
   244 | D        | Reached *** piety under Makhleb
   416 | D        | Noticed Erolcha
   427 | D        | Killed Erolcha
   427 | D        | Reached skill level 13 in Maces & Flails
   427 | D        | Reached skill level 10 in Shields
   427 | D        | Gained mutation: You passively map the area around you. [Deep Dwarf growth]
   427 | D        | Reached XP level 9. HP: 53/90 MP: 14/14
   498 | D        | Noticed a spiny frog
   506 | D        | Killed a spiny frog
   506 | D        | Reached **** piety under Makhleb
   506 | D        | Reached skill level 10 in Armour
   511 | D        | Noticed a spiny frog
   531 | D        | Reached skill level 14 in Maces & Flails
   541 | D        | Reached ***** piety under Makhleb
   578 | D        | Killed a spiny frog
   578 | D        | Reached XP level 10. HP: 82/99 MP: 15/15
   592 | D        | Noticed a spiny frog
   600 | D        | Killed a spiny frog
   600 | D        | Reached skill level 15 in Maces & Flails
   615 | D        | Noticed an elephant
   656 | D        | Reached ****** piety under Makhleb
   669 | D        | Killed an elephant
   669 | D        | Reached skill level 16 in Maces & Flails
   787 | D        | Noticed Josephine
   792 | D        | Reached skill level 5 in Dodging
   800 | D        | Killed Josephine
   800 | D        | Reached skill level 10 in Fighting
   800 | D        | Reached skill level 17 in Maces & Flails
   870 | D        | Noticed an orc sorcerer
   870 | D        | Noticed an orc knight
   884 | D        | Killed an orc knight
   884 | D        | Reached XP level 11. HP: 110/110 MP: 16/16
   894 | D        | Killed an orc sorcerer
  1061 | D        | Noticed an orc knight
  1061 | D        | Noticed an orc knight
  1082 | D        | Killed an orc knight
  1087 | D        | Killed an orc knight
  1110 | D        | Reached skill level 18 in Maces & Flails
  1171 | D        | Found Foparrug's Book Boutique.
  1171 | D        | Noticed an orc high priest
  1171 | D        | Noticed an orc high priest
  1171 | D        | Noticed an orc high priest
  1172 | D        | Noticed a soul eater
  1182 | D        | Noticed an orc high priest
  1185 | D        | Killed an orc high priest
  1186 | D        | Found Sidghidun's General Store.
  1190 | D        | Noticed a soul eater
  1190 | D        | Killed an orc high priest
  1194 | D        | Killed an orc high priest
  1196 | D        | Found Zet Vim's Jewellery Boutique.
  1207 | D        | Found Borihei's Book Shop.
  1211 | D        | Killed an orc high priest
  1214 | D        | Noticed an orc high priest
  1217 | D        | Noticed an orc high priest
  1219 | D        | Noticed an orc high priest
  1225 | D        | Killed an orc high priest
  1249 | D        | Killed an orc high priest
  1260 | D        | Killed an orc high priest
  1310 | D        | Bought a lamp of fire for 520 gold pieces
  1312 | D        | Bought a +6 ring of protection for 858 gold pieces
  1312 | D        | Bought an uncursed amulet of rage for 440 gold pieces
  1355 | D        | Noticed Urug
  1371 | D        | Killed Urug
  1408 | D        | Noticed Maurice
  1417 | D        | Killed Maurice
  1539 | D        | Noticed a centaur warrior
  1539 | D        | Noticed a two-headed ogre
  1540 | D        | Noticed a rakshasa
  1547 | D        | Killed an unseen horror
  1547 | D        | Reached XP level 12. HP: 120/123 MP: 16/16
  1552 | D        | Killed a two-headed ogre
  1554 | D        | Noticed a frost giant
  1561 | D        | Noticed a rakshasa
  1584 | D        | Killed a centaur warrior
  1588 | D        | Noticed a fire giant
  1604 | D        | Noticed an ogre mage
  1608 | D        | Noticed a stone giant
  1613 | D        | Killed a rakshasa
  1613 | D        | Reached skill level 10 in Evocations
  1623 | D        | Noticed a centaur warrior
  1625 | D        | Killed a frost giant
  1625 | D        | Reached skill level 19 in Maces & Flails
  1636 | D        | Killed a rakshasa
  1645 | D        | Killed a fire giant
  1657 | D        | Killed a stone giant
  1657 | D        | Reached skill level 10 in Dodging
  1673 | D        | Killed an ogre mage
  1685 | D        | Killed a centaur warrior
  1762 | D        | Noticed Azrael
  1789 | D        | Killed Azrael
  1807 | D        | Noticed Snorg
  1821 | D        | Killed Snorg
  1825 | D        | Noticed Nessos
  1879 | D        | Killed Nessos
  1931 | D        | Noticed a seven-headed hydra
  1941 | D        | Reached XP level 13. HP: 95/135 MP: 20/20
  1976 | D        | Reached skill level 15 in Shields
  2137 | D        | Reached skill level 20 in Maces & Flails
  2216 | D        | Reached skill level 15 in Armour
  2240 | D        | Noticed a nagaraja
  2260 | D        | Killed a nagaraja
  2260 | D        | Reached skill level 15 in Fighting
  2375 | D        | Noticed Aizul
  2411 | D        | Killed Aizul
  2417 | D        | Noticed Erica
  2426 | D        | Killed Erica
  2434 | D        | Noticed Nergalle
  2452 | D        | Killed Nergalle
  2481 | D        | Noticed Frances
  2495 | D        | Killed Frances
  2519 | D        | Noticed a white very ugly thing
  2519 | D        | Noticed a sphinx
  2519 | D        | Noticed a stone giant
  2519 | D        | Noticed a fire dragon
  2527 | D        | Noticed a fire giant
  2538 | D        | Killed a fire dragon
  2549 | D        | Killed a stone giant
  2549 | D        | Gained mutation: You resist negative energy. (rN+) [Deep Dwarf growth]
  2549 | D        | Reached XP level 14. HP: 82/148 MP: 21/21
  2570 | D        | Reached skill level 21 in Maces & Flails
  2581 | D        | Killed a sphinx
  2589 | D        | Killed a white very ugly thing
  2597 | D        | Killed a fire giant
  2616 | D        | Noticed a shadow dragon
  2618 | D        | Noticed a tengu reaver
  2640 | D        | Noticed a stone giant
  2648 | D        | Killed a shadow dragon
  2649 | D        | Noticed a tengu reaver
  2651 | D        | Killed from afar by a tengu reaver

Vault maps used:
D:        linesprint

Skill      XL: |  1  2  3  4  5  6  7  8  9 10 11 12 13 14 |
---------------+-------------------------------------------+-----
Maces & Flails | 6 8 9 10 12 13 14 17 18 19 20 21 | 21.6
Fighting       | 4 6 7 8 9 10 12 14 15 16 | 16.9
Evocations     | 3 5 8 9 12 13 | 13.8
Armour         | 4 5 7 8 9 10 11 12 14 15 | 15.8
Shields        | 4 5 8 9 10 12 13 14 17 18 | 18.5
Dodging        | 1 2 3 4 5 8 10 12 | 12.6

Action                   |  1- 3 |  4- 6 |  7- 9 | 10-12 | 13-15 || total
-------------------------+-------+-------+-------+-------+-------++-------
Melee: Flail             |    25 |     1 |       |       |       ||    26
       Morningstar       |       |    37 |   111 |   554 |   475 ||  1177
 Abil: Heal Wounds       |       |     1 |       |     6 |     2 ||     9
       Evoke Berserk Rag |       |       |       |       |     1 ||     1
  Use: Potion            |     1 |       |       |     1 |       ||     2
  Eat: Chunk             |       |       |     3 |     6 |     3 ||    12
Armor: Scale mail        |    11 |       |       |       |       ||    11
       Chain mail        |       |    18 |    40 |   167 |   156 ||   381
Dodge: Dodged            |     4 |     7 |    20 |   106 |    98 ||   235
Block: Shield            |    11 |    23 |    56 |   203 |   199 ||   492

Table legend:
 A = Spawn XP
 B = Non-spawn XP
 C = Spawn XP percentage of total XP
 D = Spawn monster count
 E = Non-spawn monster count
 F = Spawn count percentage of total count
 G = Total turns spent on level
                    A         B        C        D         E        F      G
               +---------+---------+-------+---------+---------+-------+---------
         Total |       0 |   76155 |   0.0 |       0 |     167 |   0.0 |  2651
               +---------+---------+-------+---------+---------+-------+---------
             D |       0 |   76155 |   0.0 |       0 |     167 |   0.0 |  2651
               +---------+---------+-------+---------+---------+-------+---------
